Connexion

Condors vs Comets

Created - 19 février 2024 at 05:55

Goals
1 2 3 T
Condors 1 2 0 3
Comets 1 0 1 2
Shots
1 2 3 T
Condors 11 14 8 33
Comets 6 18 12 36

GoalsPenalties
1st period
1. Condors , Linus Nassen 7 (Pascal Laberge 6, Tate Olson 19) at 4:21
2. Comets , Derek Ryan 35 (Brendan Smith 22, Trevor Lewis 38) at 10:34
Josh Archibald (UTI) for Roughing (Minor) at 10:37
Brendan Smith (UTI) for High sticking (Minor) at 17:36
2nd period
3. Condors , Seth Barton 7 (Brett Pollock 26, Brady Brassart 14) at 8:22 (PP)
4. Condors , Matt Filipe 34 (Marc McNulty 14, Anthony Camara 32) at 17:42 (PP)
Tate Olson (BAK) for Tripping (Minor) at 4:23
Derek Ryan (UTI) for High sticking (Minor) at 7:02
Seth Barton (BAK) for Interference (Minor) at 9:57
Brandon Davidson (UTI) for Holding (Minor) at 13:21
Brandon Davidson (UTI) for Roughing (Minor) at 17:25
David Rittich (UTI) for Slashing (Minor) at 17:57 - Frederik Gauthier served the penalty.
3rd period
5. Comets , Cliff Pu 5 (Brendan Smith 23, Dennis Yan 11) at 6:59
Marcus Vela (BAK) for Hooking (Minor) at 0:59
Matt Bartkowski (UTI) for High sticking (Minor) at 14:55
Goalie Stats
Kyle Keyser (BAK), 34 saves from 36 shots - (0,944), W, 28-31-4, 60:00 minutes
David Rittich (UTI), 30 saves from 33 shots - (0,909), L, 32-12-3, 59:39 minutes
3 StarsOfficial
1 - Kyle Keyser (BAK)
2 - Cliff Pu (UTI)
3 - Linus Nassen (BAK)
Referees : Paul Devorski and Kerry Fraser
Linesman : Jay Sharrers and Tony Sericolo
Game Note
No Game Note
Finance
Level 1 -- Attendance: 1890 (94,50%) -- Ticket Income $66,150
Level 2 -- Attendance: 947 (94,70%) -- Ticket Income $14,205
Total Attendance: 2837 (94,57%)
Total Ticket Income: $80,355
Other Income: $16,071
Total Income: $96,426



Team Name Goals Shots Shots Attemp Shots Blocked PIM HIT PP PK FO%
Condors 3336946192 / 7 (29%)044%
Comets 23656514240 / 3 (0%)256%

Condors
Player Name POS G A P +/- PIM HIT SHT SB MP PP MP PP SHT PK MP PK SHT FO% FOT
Anthony CamaraLW/RW011-1033022:106:1911:520100% 1
Brady Brassart C/RW0110022016:494:4100:000100% 1
Brett PollockLW/RW0110031117:215:1300:0000% 0
Connor BunnamanC/LW000-1004023:556:1923:37056% 41
Jonathan AngC0000021021:225:1304:01038% 21
Linus NassenD1010001117:171:4900:4800% 0
Marc McNultyD011-1011024:356:0613:0800% 0
Marcus DavidssonC/LW/RW000-100006:110:0000:0000% 1
Marcus VelaC0001252010:440:3200:00028% 18
Matt FilipeC/LW101-1019022:106:1961:52080% 5
Matteo GennaroC/LW000-102106:430:0000:32014% 7
Michael BrodzinskiD0000003018:463:5722:2600% 0
Mike CallahanD000-1003024:236:1802:4900% 0
Nick SorensenRW000-100006:110:0000:0000% 1
Pascal LabergeC/LW/RW0111001010:130:0000:0000% 0
Seth BartonD1010201118:474:2611:4900% 0
Tate OlsonD0110200116:100:2800:5400% 0
Taylor CammarataC/LW0001000010:130:0000:0000% 1
Comets
Player Name POS G A P +/- PIM HIT SHT SB MP PP MP PP SHT PK MP PK SHT FO% FOT
Brandon DavidsonD000-1451122:303:2413:1400% 0
Brendan SmithD0222201112:290:0000:2500% 0
Chase De LeoC/LW0000017015:322:3320:00050% 2
Chris TerryLW/RW0000013020:423:2403:44050% 4
Cliff PuRW101100204:540:0000:0000% 0
Dennis YanLW011100007:070:0002:1300% 2
Derek RyanC1010237023:183:2446:21052% 44
Frederik GauthierC0000000011:040:0000:00082% 11
Jordan SchmaltzD0002010214:230:0002:1800% 0
Josh ArchibaldRW0000222015:312:3300:0000% 0
Kevin CzucmanD0000010023:242:3306:1900% 0
Logan NelsonC000100004:540:0000:00057% 7
Markus NiemelainenD000-1030024:313:2405:1300% 0
Matt BartkowskiD0000213122:392:3325:3500% 0
Michael JolyRW0000011011:040:0000:00050% 4
Michael RafflLW/RW0000002011:040:0000:000100% 1
Trevor LewisC/RW0110045020:423:2423:44050% 2
Tyler AngleC0000012022:342:3317:02055% 20



Play-by-Play

1st period


0:01 of 1st period - Derek Ryan wins face-off versus Connor Bunnaman in neutral zone.
0:04 of 1st period - Marc McNulty is hit by Trevor Lewis and loses puck.
0:08 of 1st period - Icing by Mike Callahan.
0:09 of 1st period - Connor Bunnaman wins face-off versus Tyler Angle in Condors zone.
1:07 of 1st period - Off-side.
1:08 of 1st period - Frederik Gauthier wins face-off versus Marcus Vela in neutral zone.
1:23 of 1st period - Shot by Pascal Laberge.
1:23 of 1st period - Shot Misses the Net.
1:25 of 1st period - Shot by Pascal Laberge.
1:25 of 1st period - Stopped by David Rittich without a rebound.
1:26 of 1st period - Derek Ryan wins face-off versus Jonathan Ang in Comets zone.
2:21 of 1st period - Logan Nelson is hit by Jonathan Ang and loses puck.
2:41 of 1st period - Icing by Seth Barton.
2:42 of 1st period - Frederik Gauthier wins face-off versus Jonathan Ang in Condors zone.
3:45 of 1st period - Shot by Chase De Leo.
3:45 of 1st period - Stopped by Kyle Keyser without a rebound.
3:46 of 1st period - Marcus Vela wins face-off versus Derek Ryan in Condors zone.
3:51 of 1st period - Derek Ryan is hit by Marcus Vela and loses puck.
4:19 of 1st period - Shot by Pascal Laberge.
4:19 of 1st period - Shot Blocked by Brandon Davidson.
4:21 of 1st period - Shot by Linus Nassen.
4:21 of 1st period - Goal by Linus Nassen - Condors : 1 - Comets : 0.
4:22 of 1st period - Tyler Angle wins face-off versus Nick Sorensen in neutral zone.
4:40 of 1st period - Shot by Tyler Angle.
4:40 of 1st period - Stopped by Kyle Keyser with a rebound.
5:02 of 1st period - Josh Archibald is hit by Matteo Gennaro.
5:05 of 1st period - Icing by Tyler Angle.
5:06 of 1st period - Matt Filipe wins face-off versus Chase De Leo in Comets zone.
5:07 of 1st period - Shot by Connor Bunnaman.
5:07 of 1st period - Shot Blocked by Brendan Smith.
5:40 of 1st period - Shot by Matt Filipe.
5:40 of 1st period - Deflect By Connor Bunnaman.
5:40 of 1st period - Stopped by David Rittich without a rebound.
5:41 of 1st period - Frederik Gauthier wins face-off versus Marcus Vela in Comets zone.
5:56 of 1st period - Shot by Michael Raffl.
5:56 of 1st period - Stopped by Kyle Keyser without a rebound.
5:57 of 1st period - Derek Ryan wins face-off versus Jonathan Ang in Condors zone.
6:02 of 1st period - Shot by Markus Niemelainen.
6:02 of 1st period - Shot Misses the Net.
6:12 of 1st period - Shot by Brett Pollock.
6:12 of 1st period - Stopped by David Rittich with a rebound.
6:22 of 1st period - Shot by Trevor Lewis.
6:22 of 1st period - Stopped by Kyle Keyser without a rebound.
6:23 of 1st period - Matt Filipe wins face-off versus Logan Nelson in Condors zone.
6:37 of 1st period - Icing by Linus Nassen.
6:38 of 1st period - Frederik Gauthier wins face-off versus Connor Bunnaman in Condors zone.
8:20 of 1st period - Josh Archibald is hit by Marcus Vela and loses puck.
8:29 of 1st period - Shot by Taylor Cammarata.
8:29 of 1st period - Shot Misses the Net.
8:37 of 1st period - Shot by Pascal Laberge.
8:37 of 1st period - Shot Misses the Net.
10:18 of 1st period - Off-side.
10:19 of 1st period - Derek Ryan wins face-off versus Matteo Gennaro in neutral zone.
10:30 of 1st period - Shot by Trevor Lewis.
10:30 of 1st period - Shot Misses the Net.
10:32 of 1st period - Shot by Brendan Smith.
10:32 of 1st period - Stopped by Kyle Keyser with a rebound.
10:34 of 1st period - Shot by Derek Ryan.
10:34 of 1st period - Goal by Derek Ryan - Condors : 1 - Comets : 1.
10:35 of 1st period - Marcus Vela wins face-off versus Tyler Angle in neutral zone.
10:37 of 1st period - Minor Penalty to Josh Archibald for Roughing.
10:38 of 1st period - Derek Ryan wins face-off versus Connor Bunnaman in Comets zone.
10:38 of 1st period - Derek Ryan is hit by Anthony Camara.
12:04 of 1st period - Shot by Anthony Camara.
12:04 of 1st period - Stopped by David Rittich without a rebound.
12:05 of 1st period - Jonathan Ang wins face-off versus Chris Terry in Comets zone.
12:05 of 1st period - Mike Callahan is hit by Markus Niemelainen and loses puck.
12:32 of 1st period - Shot by Linus Nassen.
12:32 of 1st period - Shot Misses the Net.
12:48 of 1st period - Shot by Matteo Gennaro.
12:48 of 1st period - Stopped by David Rittich without a rebound.
12:49 of 1st period - Logan Nelson wins face-off versus Matteo Gennaro in Comets zone.
13:33 of 1st period - Icing by Linus Nassen.
13:34 of 1st period - Michael Joly wins face-off versus Matteo Gennaro in Condors zone.
14:03 of 1st period - Off-side.
14:04 of 1st period - Derek Ryan wins face-off versus Connor Bunnaman in neutral zone.
14:23 of 1st period - Shot by Mike Callahan.
14:23 of 1st period - Stopped by David Rittich without a rebound.
14:24 of 1st period - Marcus Vela wins face-off versus Tyler Angle in Comets zone.
14:25 of 1st period - Shot by Taylor Cammarata.
14:25 of 1st period - Deflect By Marcus Vela.
14:25 of 1st period - Stopped by David Rittich without a rebound.
14:26 of 1st period - Tyler Angle wins face-off versus Marcus Vela in Comets zone.
14:40 of 1st period - Shot by Marcus Vela.
14:40 of 1st period - Stopped by David Rittich without a rebound.
14:41 of 1st period - Connor Bunnaman wins face-off versus Derek Ryan in Comets zone.
15:09 of 1st period - Connor Bunnaman is hit by Matt Bartkowski.
15:44 of 1st period - Seth Barton is hit by Brandon Davidson and loses puck.
16:36 of 1st period - Pascal Laberge is hit by Brandon Davidson.
17:35 of 1st period - Nick Sorensen is hit by Jordan Schmaltz and loses puck.
17:36 of 1st period - Minor Penalty to Brendan Smith for High sticking.
17:37 of 1st period - Chris Terry wins face-off versus Connor Bunnaman in Comets zone.
17:48 of 1st period - Shot by Matt Filipe.
17:48 of 1st period - Stopped by David Rittich without a rebound.
17:49 of 1st period - Brady Brassart wins face-off versus Derek Ryan in Comets zone.
18:22 of 1st period - Derek Ryan is hit by Brett Pollock and loses puck.
18:46 of 1st period - Shot by Matt Filipe.
18:46 of 1st period - Stopped by David Rittich with a rebound.
19:38 of 1st period - Off-side.
19:39 of 1st period - Michael Joly wins face-off versus Marcus Vela in neutral zone.
19:57 of 1st period - Icing by Mike Callahan.
19:58 of 1st period - Logan Nelson wins face-off versus Marcus Vela in Condors zone.
Goals for this period are 1 for Condors vs 1 for Comets.
Shots for this period are 11 for Condors vs 6 for Comets.

2nd period


0:01 of 2nd period - Anthony Camara wins face-off versus Derek Ryan in neutral zone.
0:05 of 2nd period - Off-side.
0:06 of 2nd period - Derek Ryan wins face-off versus Connor Bunnaman in neutral zone.
0:12 of 2nd period - Trevor Lewis is hit by Marc McNulty and loses puck.
1:02 of 2nd period - Seth Barton is hit by Chris Terry and loses puck.
1:13 of 2nd period - Josh Archibald is hit by Brady Brassart and loses puck.
1:28 of 2nd period - Shot by Chase De Leo.
1:28 of 2nd period - Stopped by Kyle Keyser without a rebound.
1:29 of 2nd period - Frederik Gauthier wins face-off versus Marcus Vela in Condors zone.
1:56 of 2nd period - Shot by Frederik Gauthier.
1:56 of 2nd period - Shot Misses the Net.
2:06 of 2nd period - Shot by Frederik Gauthier.
2:06 of 2nd period - Shot Misses the Net.
2:26 of 2nd period - Shot by Chase De Leo.
2:26 of 2nd period - Stopped by Kyle Keyser with a rebound.
2:28 of 2nd period - Shot by Josh Archibald.
2:28 of 2nd period - Shot Misses the Net.
2:30 of 2nd period - Shot by Josh Archibald.
2:30 of 2nd period - Stopped by Kyle Keyser without a rebound.
2:31 of 2nd period - Connor Bunnaman wins face-off versus Logan Nelson in Condors zone.
2:59 of 2nd period - Shot by Anthony Camara.
2:59 of 2nd period - Shot Misses the Net.
3:10 of 2nd period - Icing by Kevin Czucman.
3:11 of 2nd period - Logan Nelson wins face-off versus Jonathan Ang in Comets zone.
3:11 of 2nd period - Logan Nelson is hit by Brady Brassart .
3:23 of 2nd period - Icing by Kevin Czucman.
3:24 of 2nd period - Matteo Gennaro wins face-off versus Logan Nelson in Comets zone.
3:45 of 2nd period - Off-side.
3:46 of 2nd period - Derek Ryan wins face-off versus Connor Bunnaman in neutral zone.
4:02 of 2nd period - Shot by Connor Bunnaman.
4:02 of 2nd period - Shot Misses the Net.
4:06 of 2nd period - Shot by Matt Filipe.
4:06 of 2nd period - Stopped by David Rittich without a rebound.
4:07 of 2nd period - Jonathan Ang wins face-off versus Tyler Angle in Comets zone.
4:08 of 2nd period - Shot by Linus Nassen.
4:08 of 2nd period - Shot Misses the Net.
4:23 of 2nd period - Minor Penalty to Tate Olson for Tripping.
4:24 of 2nd period - Connor Bunnaman wins face-off versus Trevor Lewis in Condors zone.
4:43 of 2nd period - Shot by Brandon Davidson.
4:43 of 2nd period - Stopped by Kyle Keyser without a rebound.
4:44 of 2nd period - Tyler Angle wins face-off versus Jonathan Ang in Condors zone.
4:47 of 2nd period - Shot by Chase De Leo.
4:47 of 2nd period - Stopped by Kyle Keyser without a rebound.
4:48 of 2nd period - Connor Bunnaman wins face-off versus Derek Ryan in Condors zone.
5:01 of 2nd period - Michael Brodzinski is hit by Derek Ryan and loses puck.
5:24 of 2nd period - Shot by Brandon Davidson.
5:24 of 2nd period - Deflect By Chris Terry.
5:24 of 2nd period - Shot Misses the Net.
5:26 of 2nd period - Shot by Derek Ryan.
5:26 of 2nd period - Stopped by Kyle Keyser without a rebound.
5:27 of 2nd period - Matt Filipe wins face-off versus Tyler Angle in Condors zone.
5:27 of 2nd period - Matt Filipe is hit by Josh Archibald.
5:38 of 2nd period - Off-side.
5:39 of 2nd period - Tyler Angle wins face-off versus Matt Filipe in neutral zone.
6:00 of 2nd period - Shot by Chase De Leo.
6:00 of 2nd period - Stopped by Kyle Keyser without a rebound.
6:01 of 2nd period - Derek Ryan wins face-off versus Connor Bunnaman in Condors zone.
6:02 of 2nd period - Shot by Brandon Davidson.
6:02 of 2nd period - Shot Blocked by Seth Barton.
6:06 of 2nd period - Shot by Derek Ryan.
6:06 of 2nd period - Stopped by Kyle Keyser without a rebound.
6:07 of 2nd period - Derek Ryan wins face-off versus Connor Bunnaman in Condors zone.
6:08 of 2nd period - Shot by Trevor Lewis.
6:08 of 2nd period - Stopped by Kyle Keyser with a rebound.
6:10 of 2nd period - Shot by Derek Ryan.
6:10 of 2nd period - Stopped by Kyle Keyser with a rebound.
7:00 of 2nd period - Shot by Chase De Leo.
7:00 of 2nd period - Stopped by Kyle Keyser without a rebound.
7:01 of 2nd period - Connor Bunnaman wins face-off versus Derek Ryan in Condors zone.
7:01 of 2nd period - Connor Bunnaman is hit by Trevor Lewis.
7:02 of 2nd period - Minor Penalty to Derek Ryan for High sticking.
7:03 of 2nd period - Connor Bunnaman wins face-off versus Dennis Yan in Comets zone.
7:08 of 2nd period - Shot by Matt Filipe.
7:08 of 2nd period - Stopped by David Rittich without a rebound.
7:09 of 2nd period - Connor Bunnaman wins face-off versus Dennis Yan in Comets zone.
8:06 of 2nd period - Shot by Jonathan Ang.
8:06 of 2nd period - Shot Hit the Post.
8:14 of 2nd period - Shot by Brady Brassart .
8:14 of 2nd period - Shot Blocked by Matt Bartkowski.
8:16 of 2nd period - Shot by Brady Brassart .
8:16 of 2nd period - Shot Misses the Net.
8:20 of 2nd period - Shot by Seth Barton.
8:20 of 2nd period - Shot Misses the Net.
8:22 of 2nd period - Shot by Seth Barton.
8:22 of 2nd period - Goal by Seth Barton - Condors : 2 - Comets : 1.
8:23 of 2nd period - Marcus Vela wins face-off versus Derek Ryan in neutral zone.
8:38 of 2nd period - Off-side.
8:39 of 2nd period - Frederik Gauthier wins face-off versus Matteo Gennaro in neutral zone.
9:02 of 2nd period - Shot by Matteo Gennaro.
9:02 of 2nd period - Shot Blocked by Jordan Schmaltz.
9:04 of 2nd period - Shot by Marc McNulty.
9:04 of 2nd period - Shot Blocked by Jordan Schmaltz.
9:32 of 2nd period - Connor Bunnaman is hit by Derek Ryan.
9:56 of 2nd period - Shot by Trevor Lewis.
9:56 of 2nd period - Shot Misses the Net.
9:57 of 2nd period - Minor Penalty to Seth Barton for Interference.
9:58 of 2nd period - Tyler Angle wins face-off versus Connor Bunnaman in Condors zone.
10:21 of 2nd period - Shot by Matt Bartkowski.
10:21 of 2nd period - Stopped by Kyle Keyser with a rebound.
11:20 of 2nd period - Linus Nassen is hit by Derek Ryan and loses puck.
11:49 of 2nd period - Shot by Tyler Angle.
11:49 of 2nd period - Stopped by Kyle Keyser without a rebound.
11:50 of 2nd period - Derek Ryan wins face-off versus Matteo Gennaro in Condors zone.
11:53 of 2nd period - Shot by Trevor Lewis.
11:53 of 2nd period - Stopped by Kyle Keyser without a rebound.
11:54 of 2nd period - Connor Bunnaman wins face-off versus Derek Ryan in Condors zone.
12:10 of 2nd period - Icing by Michael Brodzinski.
12:11 of 2nd period - Logan Nelson wins face-off versus Marcus Davidsson in Condors zone.
12:14 of 2nd period - Shot by Logan Nelson.
12:14 of 2nd period - Shot Misses the Net.
12:26 of 2nd period - Shot by Cliff Pu.
12:26 of 2nd period - Stopped by Kyle Keyser without a rebound.
12:27 of 2nd period - Derek Ryan wins face-off versus Marcus Vela in Condors zone.
12:37 of 2nd period - Off-side.
12:38 of 2nd period - Tyler Angle wins face-off versus Connor Bunnaman in neutral zone.
12:47 of 2nd period - Shot by Josh Archibald.
12:47 of 2nd period - Shot Misses the Net.
12:49 of 2nd period - Shot by Josh Archibald.
12:49 of 2nd period - Stopped by Kyle Keyser without a rebound.
12:50 of 2nd period - Jonathan Ang wins face-off versus Derek Ryan in Condors zone.
12:50 of 2nd period - Jonathan Ang is hit by Trevor Lewis.
13:21 of 2nd period - Minor Penalty to Brandon Davidson for Holding.
13:22 of 2nd period - Connor Bunnaman wins face-off versus Derek Ryan in Comets zone.
13:49 of 2nd period - Shot by Marc McNulty.
13:49 of 2nd period - Stopped by David Rittich without a rebound.
13:50 of 2nd period - Chris Terry wins face-off versus Jonathan Ang in Comets zone.
13:50 of 2nd period - Chris Terry is hit by Brett Pollock.
14:40 of 2nd period - Icing by Connor Bunnaman.
14:41 of 2nd period - Matt Filipe wins face-off versus Derek Ryan in Condors zone.
14:54 of 2nd period - Anthony Camara is hit by Tyler Angle and loses puck.
15:24 of 2nd period - Icing by Brendan Smith.
15:25 of 2nd period - Frederik Gauthier wins face-off versus Marcus Vela in Comets zone.
15:25 of 2nd period - Frederik Gauthier is hit by Marcus Vela.
15:35 of 2nd period - Shot by Michael Joly.
15:35 of 2nd period - Shot Misses the Net.
15:58 of 2nd period - Icing by Tate Olson.
15:59 of 2nd period - Chase De Leo wins face-off versus Marcus Vela in Condors zone.
16:18 of 2nd period - Shot by Chase De Leo.
16:18 of 2nd period - Stopped by Kyle Keyser with a rebound.
16:20 of 2nd period - Shot by Matt Bartkowski.
16:20 of 2nd period - Stopped by Kyle Keyser with a rebound.
16:22 of 2nd period - Shot by Kevin Czucman.
16:22 of 2nd period - Shot Blocked by Tate Olson.
16:24 of 2nd period - Shot by Josh Archibald.
16:24 of 2nd period - Shot Misses the Net.
16:58 of 2nd period - Shot by Anthony Camara.
16:58 of 2nd period - Shot Misses the Net.
17:00 of 2nd period - Shot by Marc McNulty.
17:00 of 2nd period - Shot Misses the Net.
17:02 of 2nd period - Shot by Connor Bunnaman.
17:02 of 2nd period - Shot Misses the Net.
17:04 of 2nd period - Shot by Mike Callahan.
17:04 of 2nd period - Stopped by David Rittich without a rebound.
17:05 of 2nd period - Frederik Gauthier wins face-off versus Jonathan Ang in Comets zone.
17:05 of 2nd period - Frederik Gauthier is hit by Jonathan Ang.
17:11 of 2nd period - Shot by Markus Niemelainen.
17:11 of 2nd period - Shot Misses the Net.
17:25 of 2nd period - Shot by Jonathan Ang.
17:25 of 2nd period - Stopped by David Rittich without a rebound.
17:25 of 2nd period - Minor Penalty to Brandon Davidson for Roughing.
17:26 of 2nd period - Connor Bunnaman wins face-off versus Derek Ryan in Comets zone.
17:27 of 2nd period - Shot by Matt Filipe.
17:27 of 2nd period - Stopped by David Rittich without a rebound.
17:28 of 2nd period - Derek Ryan wins face-off versus Connor Bunnaman in Comets zone.
17:28 of 2nd period - Derek Ryan is hit by Matt Filipe.
17:42 of 2nd period - Shot by Matt Filipe.
17:42 of 2nd period - Goal by Matt Filipe - Condors : 3 - Comets : 1.
17:43 of 2nd period - Jonathan Ang wins face-off versus Frederik Gauthier in neutral zone.
17:51 of 2nd period - Jonathan Ang is hit by Kevin Czucman.
17:55 of 2nd period - Shot by Jonathan Ang.
17:55 of 2nd period - Deflect By Brady Brassart .
17:55 of 2nd period - Stopped by David Rittich with a rebound.
17:57 of 2nd period - Shot by Brady Brassart .
17:57 of 2nd period - Stopped by David Rittich without a rebound.
17:57 of 2nd period - Minor Penalty to David Rittich for Slashing.
17:58 of 2nd period - Connor Bunnaman wins face-off versus Tyler Angle in Comets zone.
17:59 of 2nd period - Shot by Mike Callahan.
17:59 of 2nd period - Shot Misses the Net.
18:01 of 2nd period - Shot by Mike Callahan.
18:01 of 2nd period - Shot Misses the Net.
18:03 of 2nd period - Shot by Connor Bunnaman.
18:03 of 2nd period - Stopped by David Rittich without a rebound.
18:04 of 2nd period - Connor Bunnaman wins face-off versus Derek Ryan in Comets zone.
18:04 of 2nd period - Connor Bunnaman is hit by Brandon Davidson.
18:26 of 2nd period - Shot by Connor Bunnaman.
18:26 of 2nd period - Shot Hit the Post.
18:28 of 2nd period - Shot by Matt Filipe.
18:28 of 2nd period - Stopped by David Rittich without a rebound.
18:29 of 2nd period - Jonathan Ang wins face-off versus Derek Ryan in Comets zone.
18:38 of 2nd period - Shot by Seth Barton.
18:38 of 2nd period - Shot Misses the Net.
18:40 of 2nd period - Shot by Michael Brodzinski.
18:40 of 2nd period - Shot Misses the Net.
18:52 of 2nd period - Shot by Michael Brodzinski.
18:52 of 2nd period - Stopped by David Rittich with a rebound.
19:04 of 2nd period - Tyler Angle is hit by Brett Pollock and loses puck.
19:36 of 2nd period - Shot by Mike Callahan.
19:36 of 2nd period - Deflect By Connor Bunnaman.
19:36 of 2nd period - Stopped by David Rittich without a rebound.
19:37 of 2nd period - Derek Ryan wins face-off versus Connor Bunnaman in Comets zone.
Goals for this period are 2 for Condors vs 0 for Comets.
Shots for this period are 14 for Condors vs 18 for Comets.

3rd period


0:01 of 3rd period - Connor Bunnaman wins face-off versus Derek Ryan in neutral zone.
0:04 of 3rd period - Shot by Anthony Camara.
0:04 of 3rd period - Shot Misses the Net.
0:06 of 3rd period - Shot by Mike Callahan.
0:06 of 3rd period - Shot Misses the Net.
0:15 of 3rd period - Matt Filipe is hit by Markus Niemelainen and loses puck.
0:19 of 3rd period - Anthony Camara is hit by Brandon Davidson and loses puck.
0:36 of 3rd period - Shot by Anthony Camara.
0:36 of 3rd period - Stopped by David Rittich without a rebound.
0:37 of 3rd period - Tyler Angle wins face-off versus Jonathan Ang in Comets zone.
0:57 of 3rd period - Icing by Tyler Angle.
0:58 of 3rd period - Tyler Angle wins face-off versus Taylor Cammarata in Comets zone.
0:58 of 3rd period - Tyler Angle is hit by Marcus Vela.
0:59 of 3rd period - Minor Penalty to Marcus Vela for Hooking.
1:00 of 3rd period - Connor Bunnaman wins face-off versus Derek Ryan in Condors zone.
1:23 of 3rd period - Shot by Chris Terry.
1:23 of 3rd period - Deflect By Derek Ryan.
1:23 of 3rd period - Shot Misses the Net.
1:25 of 3rd period - Shot by Derek Ryan.
1:25 of 3rd period - Stopped by Kyle Keyser without a rebound.
1:26 of 3rd period - Connor Bunnaman wins face-off versus Tyler Angle in Condors zone.
2:05 of 3rd period - Shot by Matt Bartkowski.
2:05 of 3rd period - Stopped by Kyle Keyser with a rebound.
2:39 of 3rd period - Shot by Trevor Lewis.
2:39 of 3rd period - Shot Misses the Net.
3:00 of 3rd period - Icing by Matt Filipe.
3:01 of 3rd period - Frederik Gauthier wins face-off versus Marcus Vela in Condors zone.
3:08 of 3rd period - Shot by Michael Raffl.
3:08 of 3rd period - Shot Blocked by Linus Nassen.
3:30 of 3rd period - Shot by Michael Joly.
3:30 of 3rd period - Stopped by Kyle Keyser with a rebound.
4:59 of 3rd period - Icing by Derek Ryan.
5:00 of 3rd period - Connor Bunnaman wins face-off versus Derek Ryan in Comets zone.
5:25 of 3rd period - Shot by Anthony Camara.
5:25 of 3rd period - Deflect By Matt Filipe.
5:25 of 3rd period - Shot Misses the Net.
5:29 of 3rd period - Shot by Matt Filipe.
5:29 of 3rd period - Stopped by David Rittich without a rebound.
5:30 of 3rd period - Marcus Vela wins face-off versus Tyler Angle in Comets zone.
5:30 of 3rd period - Marcus Vela is hit by Brandon Davidson.
6:59 of 3rd period - Shot by Cliff Pu.
6:59 of 3rd period - Goal by Cliff Pu - Condors : 3 - Comets : 2.
7:00 of 3rd period - Connor Bunnaman wins face-off versus Derek Ryan in neutral zone.
7:12 of 3rd period - Icing by Trevor Lewis.
7:13 of 3rd period - Derek Ryan wins face-off versus Matteo Gennaro in Comets zone.
7:19 of 3rd period - Icing by Kevin Czucman.
7:20 of 3rd period - Trevor Lewis wins face-off versus Connor Bunnaman in Comets zone.
7:39 of 3rd period - Shot by Matt Filipe.
7:39 of 3rd period - Shot Misses the Net.
7:41 of 3rd period - Shot by Connor Bunnaman.
7:41 of 3rd period - Shot Misses the Net.
7:43 of 3rd period - Shot by Connor Bunnaman.
7:43 of 3rd period - Stopped by David Rittich without a rebound.
7:44 of 3rd period - Tyler Angle wins face-off versus Jonathan Ang in Comets zone.
8:19 of 3rd period - Shot by Tyler Angle.
8:19 of 3rd period - Deflect By Josh Archibald.
8:19 of 3rd period - Shot Misses the Net.
8:37 of 3rd period - Icing by Mike Callahan.
8:38 of 3rd period - Derek Ryan wins face-off versus Jonathan Ang in Condors zone.
8:49 of 3rd period - Shot by Chris Terry.
8:49 of 3rd period - Shot Blocked by Brett Pollock.
8:51 of 3rd period - Shot by Chris Terry.
8:51 of 3rd period - Stopped by Kyle Keyser with a rebound.
8:53 of 3rd period - Shot by Derek Ryan.
8:53 of 3rd period - Shot Misses the Net.
8:55 of 3rd period - Shot by Derek Ryan.
8:55 of 3rd period - Stopped by Kyle Keyser without a rebound.
8:56 of 3rd period - Connor Bunnaman wins face-off versus Frederik Gauthier in Condors zone.
8:56 of 3rd period - Connor Bunnaman is hit by Michael Joly.
9:10 of 3rd period - Shot by Michael Raffl.
9:10 of 3rd period - Stopped by Kyle Keyser without a rebound.
9:11 of 3rd period - Derek Ryan wins face-off versus Marcus Vela in Condors zone.
9:14 of 3rd period - Shot by Derek Ryan.
9:14 of 3rd period - Deflect By Trevor Lewis.
9:14 of 3rd period - Stopped by Kyle Keyser without a rebound.
9:15 of 3rd period - Connor Bunnaman wins face-off versus Chris Terry in Condors zone.
9:15 of 3rd period - Anthony Camara is hit by Trevor Lewis and loses puck.
9:48 of 3rd period - Icing by Trevor Lewis.
9:49 of 3rd period - Derek Ryan wins face-off versus Marcus Vela in Comets zone.
9:49 of 3rd period - Derek Ryan is hit by Marcus Vela.
10:02 of 3rd period - Off-side.
10:03 of 3rd period - Jonathan Ang wins face-off versus Tyler Angle in neutral zone.
10:12 of 3rd period - Shot by Mike Callahan.
10:12 of 3rd period - Stopped by David Rittich without a rebound.
10:13 of 3rd period - Connor Bunnaman wins face-off versus Michael Joly in Comets zone.
10:20 of 3rd period - Shot by Anthony Camara.
10:20 of 3rd period - Stopped by David Rittich without a rebound.
10:21 of 3rd period - Tyler Angle wins face-off versus Connor Bunnaman in Comets zone.
10:25 of 3rd period - Chase De Leo is hit by Anthony Camara and loses puck.
10:30 of 3rd period - Seth Barton is hit by Josh Archibald and loses puck.
10:53 of 3rd period - Connor Bunnaman is hit by Chase De Leo and loses puck.
11:19 of 3rd period - Icing by Mike Callahan.
11:20 of 3rd period - Jonathan Ang wins face-off versus Derek Ryan in Condors zone.
11:47 of 3rd period - Shot by Trevor Lewis.
11:47 of 3rd period - Deflect By Chris Terry.
11:47 of 3rd period - Stopped by Kyle Keyser without a rebound.
11:48 of 3rd period - Michael Raffl wins face-off versus Marcus Vela in Condors zone.
14:31 of 3rd period - Kevin Czucman is hit by Matteo Gennaro and loses puck.
14:50 of 3rd period - Shot by Marcus Davidsson.
14:50 of 3rd period - Shot Misses the Net.
14:52 of 3rd period - Shot by Nick Sorensen.
14:52 of 3rd period - Shot Misses the Net.
14:54 of 3rd period - Shot by Tate Olson.
14:54 of 3rd period - Shot Misses the Net.
14:55 of 3rd period - Minor Penalty to Matt Bartkowski for High sticking.
14:56 of 3rd period - Derek Ryan wins face-off versus Connor Bunnaman in Comets zone.
14:56 of 3rd period - Derek Ryan is hit by Anthony Camara.
16:12 of 3rd period - Off-side.
16:13 of 3rd period - Derek Ryan wins face-off versus Jonathan Ang in neutral zone.
16:23 of 3rd period - Shot by Seth Barton.
16:23 of 3rd period - Shot Misses the Net.
16:25 of 3rd period - Shot by Michael Brodzinski.
16:25 of 3rd period - Stopped by David Rittich without a rebound.
16:26 of 3rd period - Derek Ryan wins face-off versus Jonathan Ang in Comets zone.
16:32 of 3rd period - Icing by Brady Brassart .
16:33 of 3rd period - Jonathan Ang wins face-off versus Derek Ryan in Condors zone.
16:46 of 3rd period - Shot by Jonathan Ang.
16:46 of 3rd period - Shot Misses the Net.
16:48 of 3rd period - Shot by Seth Barton.
16:48 of 3rd period - Shot Misses the Net.
16:55 of 3rd period - Jonathan Ang is hit by Markus Niemelainen and loses puck.
18:00 of 3rd period - Icing by Kevin Czucman.
18:01 of 3rd period - Connor Bunnaman wins face-off versus Michael Joly in Comets zone.
18:04 of 3rd period - Shot by Matt Filipe.
18:04 of 3rd period - Stopped by David Rittich without a rebound.
18:05 of 3rd period - Connor Bunnaman wins face-off versus Derek Ryan in Comets zone.
18:16 of 3rd period - Shot by Matt Filipe.
18:16 of 3rd period - Shot Misses the Net.
18:18 of 3rd period - Shot by Michael Brodzinski.
18:18 of 3rd period - Stopped by David Rittich with a rebound.
18:20 of 3rd period - Shot by Anthony Camara.
18:20 of 3rd period - Shot Misses the Net.
18:30 of 3rd period - Shot by Chris Terry.
18:30 of 3rd period - Stopped by Kyle Keyser without a rebound.
18:31 of 3rd period - Tyler Angle wins face-off versus Jonathan Ang in Condors zone.
19:39 of 3rd period - Comets, David Rittich is pulled from the net.
19:41 of 3rd period - Shot by Derek Ryan.
19:41 of 3rd period - Stopped by Kyle Keyser without a rebound.
19:42 of 3rd period - Derek Ryan wins face-off versus Connor Bunnaman in Condors zone.
19:43 of 3rd period - Shot by Trevor Lewis.
19:43 of 3rd period - Stopped by Kyle Keyser without a rebound.
19:44 of 3rd period - Derek Ryan wins face-off versus Connor Bunnaman in Condors zone.
Goals for this period are 0 for Condors vs 1 for Comets.
Shots for this period are 8 for Condors vs 12 for Comets.